 Dungeon Crawl Stone Soup version 0.31-a0-819-gf6de2f5ab6 (webtiles) character file.

Game seed: 7917631204213243943

74 librariansheart the Chiller (level 4, -4/33 HPs)
             Began as a Merfolk Ice Elementalist on Sept 24, 2023.
             Was a Follower of Elyvilon.
             Killed from afar by Sigmund (10 damage)
             ... with a magic dart
             ... on level 3 of the Dungeon.
             The game lasted 00:22:29 (1365 turns).

librariansheart the Chiller (MfIE)                  Turns: 1365, Time: 00:22:32

Health: -4/33      AC:  3    Str:  8    XL:     4   Next: 30%
Magic:  7/7        EV: 12    Int: 14    God:    Elyvilon [*.....]
Gold:   80         SH:  0    Dex: 16    Spells: 1/7 levels left

rFire   . . .        k - +0 hand axe (flame)
rCold   . . .        (no shield)
rNeg    . . .        s - +0 leather armour
rPois   .            (no helmet)
rElec   .            (no cloak)
rCorr   +            (no gloves)
SInv    .            (no boots)
Will    .....        (no amulet)
Stlth   ++           m - ring of resist corrosion
HPRegen 0.25/turn    (no ring)
MPRegen 0.10/turn

%: no passive effects
@: no status effects
A: (nimble swimmer 2), mertail
a: Renounce Religion, Purification


You were on level 3 of the Dungeon.
You worshipped Elyvilon.
Elyvilon was aware of your devotion.
You visited 1 branch of the dungeon, and saw 3 of its levels.

You collected 80 gold pieces.

Inventory:

Hand Weapons
 c - a +0 mace
 e - a +0 club
 f - a +0 dagger
 i - a +0 rapier
 k - a +0 hand axe of flaming (weapon)
 l - a +0 dagger of venom
 o - a +0 dagger
 t - a +0 flail
Missiles
 n - 14 stones
 p - a throwing net
Armour
 a - a +0 robe
 s - a +0 leather armour (worn)
Jewellery
 m - a ring of resist corrosion (left hand)
Scrolls
 d - 3 scrolls of identify
 h - a scroll of enchant armour {unknown}
 q - a scroll of teleportation {unknown}
Potions
 b - a potion of magic
 g - a potion of brilliance {unknown}
 j - a potion of degeneration {unknown}
 r - 2 potions of curing {unknown}
 u - a potion of mutation {unknown}
 v - a potion of lignification {unknown}


   Skills:
 + Level 2.0 Fighting
 + Level 1.6 Short Blades
 + Level 0.5(0.7) Axes
 + Level 0.6(0.8) Maces & Flails
 + Level 0.1 Armour
 + Level 3.1 Dodging
 + Level 2.4 Stealth
 + Level 2.1 Spellcasting
 + Level 4.6 Ice Magic


You had one spell level left.
You knew the following spells:

 Your Spells              Type           Power      Damage    Failure   Level
a - Freeze                Ice            56%        1d7       4%          1
b - Ensorcelled Hibernat  Hex/Ice        16%        N/A       21%         2
c - Frozen Ramparts       Ice            28%        1d5       16%         3

Your spell library contained the following spells:

 Spells                   Type           Power      Damage    Failure   Level
 Ozocubu's Armour         Ice            14%        N/A       16%         3
 Hailstorm                Conj/Ice       8%         3d4       36%         3
 Jinxbite                 Hex            2%         N/A       45%         2
 Stone Arrow              Conj/Erth      2%         3d7       71%         3
 Tukima's Dance           Hex            1%         N/A       71%         3
 Summon Ice Beast         Ice/Summ       8%         N/A       78%         4
 Anguish                  Hex/Necr       0%         N/A       98%         4
 Animate Armour           Summ/Erth      2%         N/A       98%         4
 Passage of Golubria      Tloc           1%         N/A       98%         4
 Yara's Violent Unravell  Hex/Tmut       0%         3d3       100%        5
 Lehudib's Crystal Spear  Conj/Erth      0%         10d2      100%        8


Dungeon Overview and Level Annotations

Branches:
Dungeon (3/15)

Altars:
Elyvilon
Hepliaklqana

Annotations:
D:3 Jessica, Sigmund


Innate Abilities, Weirdness & Mutations

((You are very nimble when in or above water. (Stealth+, EV+, Speed+++)))
Your lower body shifts to a powerful aquatic tail in water.


Message History

You hit the plant. You burn the plant.
The plant is lightly damaged.
You hit the plant. You burn the plant.
A nearby plant withers and dies. x2
Jessica and a giant cockroach come into view.
Jessica is wielding a +0 dagger and wearing a +2 robe of cold resistance.
Jessica shouts!
You now have 80 gold pieces (gained 8).
Sigmund the Dreaded comes into view.
He is wielding a +0 scythe.
Sigmund shouts!
Sigmund casts a spell at you.
You are confused.
You barely miss the plant. You hit the plant but do no damage.
You're too confused to move!
Sigmund hits you from afar with a +0 scythe!
Jessica mumbles some strange words.
Jessica blinks!
The giant cockroach bites you.
You're too confused to move!
Sigmund hits you from afar with a +0 scythe.
The giant cockroach closely misses you. The giant cockroach closely misses you.
You miss the giant cockroach. You hit the plant.
The plant begins to die.
You burn the plant. You completely miss the plant.
You feel less confused.
Sigmund hits you from afar with a +0 scythe!
* * * LOW HITPOINT WARNING * * *
The giant cockroach closely misses you.
You hit the giant cockroach. You burn the giant cockroach.
The giant cockroach is heavily wounded.
You hit the plant. You burn the plant. You hit the plant.
The plant begins to die.
You burn the plant. The giant cockroach barely misses you.
Sigmund barely misses you.
The giant cockroach bites you but does no damage.
You hit the giant cockroach. You burn the giant cockroach.
You kill the giant cockroach!
You hit the plant. You burn the plant. You hit the plant. You burn the plant.
A nearby plant withers and dies.
Sigmund points at you and mumbles some strange words.
The magic dart hits you!
You die...
Sigmund begins carving another notch in his scythe.

.....###
........#
........#
........#
.......## ##
...@.. .# #.#†##
.# ###@.@.##.#
#P...P....#
#...§P....#
######.P#.#.####
.......<§P§§...#
####..#.§§..P.##
.....PP.P§..PPP#
#####.#§§PPPP.##
.......#§.....#


You could see Sigmund and Jessica.

Vanquished Creatures
  3 adders
  A worm (D:2)
  A dart slug (D:1)
  4 endoplasms
  3 giant cockroaches
  4 goblins
  5 hobgoblins
  3 jackals (D:2)
  2 kobolds
  2 quokkas
  4 ball pythons
  2 bats (D:1)
  5 frilled lizards
  5 rats
44 creatures vanquished.

Notes
Turn   | Place    | Note
-------+----------+-------------------------------------------
     0 | D:1      | librariansheart the Merfolk Ice Elementalist began the
                  | quest for the Orb.
     0 | D:1      | Reached XP level 1. HP: 13/13 MP: 3/3
   146 | D:1      | Reached XP level 2. HP: 18/19 MP: 5/5
   353 | D:1      | Learned a level 2 spell: Ensorcelled Hibernation
   660 | D:2      | Reached XP level 3. HP: 21/25 MP: 6/6
   670 | D:2      | Reached skill level 1 in Fighting
   707 | D:2      | Reached skill level 1 in Short Blades
   818 | D:2      | Found a faded altar of an unknown god.
   821 | D:2      | Prayed at the altar of an unknown god.
   821 | D:2      | Became a worshipper of Elyvilon the Healer
   821 | D:2      | Reached * piety under Elyvilon
   890 | D:2      | Learned a level 3 spell: Frozen Ramparts
  1268 | D:3      | Found a hazy altar of Hepliaklqana.
  1287 | D:3      | Reached XP level 4. HP: 23/33 MP: 7/7
  1353 | D:3      | Noticed Jessica
  1355 | D:3      | Noticed Sigmund
  1365 | D:3      | Killed from afar by Sigmund

Illustrated notes

Levels and vault maps discovered:
D:1:      dpeg_arrival_pits, layout_basic, serial_glass, glass_columns_c,
          glass_columns_a, glass_columns_a, glass_columns_a, glass_columns_a,
          glass_columns_b, glass_columns_c, glass_columns_a, glass_columns_c,
          glass_columns_a, glass_columns_a, glass_columns_a, glass_columns_a,
          glass_columns_a
D:2:      layout_rooms, chequers_ecumenical_altar_grove
D:3:      layout_basic, nicolae_hepliaklqana_hazy_memory,
          nicolae_overflow_hidden_temple, uniq_terence, uniq_jessica,
          uniq_sigmund

Skill      XL: |  1  2  3  4 |
---------------+-------------+-----
Dodging        | 3 |  3.1
Fighting       | 1 2 |  2.0
Short Blades   | 1 |  1.6
Axes           | |  0.5
Maces & Flails | |  0.6
Armour         | |  0.1
Stealth        | |  2.4
Spellcasting   | |  2.1
Ice Magic      | |  4.6

Action                     |  1- 3 |  4- 6 || total
---------------------------+-------+-------++-------
  Melee: Mace              |    19 |       ||    19
         Rapier            |    49 |       ||    49
         Hand axe          |    51 |    22 ||    73
         Punch             |     1 |       ||     1
   Cast: Freeze            |     1 |       ||     1
    Use: Scroll            |     1 |       ||     1
   Stab: Sleeping          |     5 |     1 ||     6
 Armour: Robe              |    44 |       ||    44
         Leather armour    |    20 |    16 ||    36
  Dodge: Dodged            |    82 |    12 ||    94

Table legend: (Time is in decaauts)
 A = Elapsed time spent in this place.
 B = Non-inter-level travel time spent in this place.
 C = Inter-level travel time spent in this place.
 D = Time resting spent in this place.
 E = Time spent auto-exploring this place.
 F = Levels seen in this place.
 G = Mean time per level.
                   A        B        C        D        E       F      G
               +--------+--------+--------+--------+--------+-----+--------+
         Total |   1395 |   1382 |     13 |      0 |      0 |   3 |  465.0 |
       Dungeon |   1395 |   1382 |     13 |      0 |      0 |   3 |  465.0 |
               +--------+--------+--------+--------+--------+-----+--------+

Top non-repeatable levels by time:
     D:1: 661 daAuts
     D:2: 587 daAuts
     D:3: 147 daAuts
